 Dungeon Crawl Stone Soup version 0.24-a0-246-gb963c9a (webtiles) character file.

Game seed: 665690477441886280

17 robertstho the Chopper (level 2, 0/31 HPs)
             Began as a Halfling Berserker on Apr 12, 2019.
             Was a Follower of Trog.
             Slain by an adder (2 damage)
             ... on level 2 of the Dungeon.
             The game lasted 00:00:46 (968 turns).

robertstho the Chopper (Halfling Berserker)          Turns: 968, Time: 00:00:46

Health: 0/31       AC:  2    Str: 23    XL:     2   Next: 80%
Magic:  2/2        EV: 12    Int:  5    God:    Trog [*.....]
Gold:   58         SH:  8    Dex: 13    Spells: 1/1 levels left

rFire    . . .     SeeInvis .   a - +0 hand axe
rCold    . . .     Gourm    .   h - +0 shield
rNeg     . . .     Faith    .   b - +0 animal skin
rPois    .         Spirit   .   (no helmet)
rElec    .         Reflect  .   (no cloak)
rCorr    .         Harm     .   (no gloves)
MR       .....                  (no boots)
Stlth    ..........             (no amulet)
HPRegen  0.10/turn              (no ring)
MPRegen  0.08/turn              (no ring)

@: berserking, lethally poisoned (0 -> -8), very quick
A: small, mutation resistance 1
a: Berserk, Renounce Religion


You were on level 2 of the Dungeon.
You worshipped Trog.
Trog was aware of your devotion.
You were very hungry.

You visited 1 branch of the dungeon, and saw 2 of its levels.

You collected 58 gold pieces.

Inventory:

Hand Weapons
 a - a +0 hand axe (weapon)
Armour
 b - a +0 animal skin (worn)
 h - a +0 shield (worn)
Jewellery
 k - a +3 ring of protection {unknown}
Scrolls
 d - a scroll of enchant armour {unknown}
 e - 2 scrolls of remove curse {unknown}
 f - a scroll of teleportation {unknown}
 g - a scroll of identify {unknown}
 i - a scroll of fear {unknown}
 j - a scroll of blinking {unknown}
 l - a scroll of random uselessness {unknown}
Comestibles
 c - a ration


   Skills:
 + Level 3.1 Fighting
 + Level 3.1 Axes
 * Level 2.4 Armour
 * Level 2.3 Dodging
 + Level 0.3 Shields


You had one spell level left.
You didn't know any spells.
Your spell library was empty.

Dungeon Overview and Level Annotations

Branches:
Dungeon (2/15)

Altars:


Innate Abilities, Weirdness & Mutations

You are small and have problems with some larger weapons.
You are somewhat resistant to further mutation.


Message History

You barely miss the adder.
The adder is heavily wounded.
You block the adder's attack.
You miss the adder.
The adder is heavily wounded.
You feel sick. You block the adder's attack.
You closely miss the adder.
The adder is heavily wounded.
You block the adder's attack. The adder bites you.
* * * LOW HITPOINT WARNING * * *
You are more poisoned.
The adder poisons you!
You hit the adder.
The adder is severely wounded.
* * * LOW HITPOINT WARNING * * *
You feel sick. You block the adder's attack.
You closely miss the adder.
The adder is severely wounded.
The adder bites you.
You die...

#############.#
......^<.)..#.#
.######...#.#.#
# #.........#.#
.#
#.#####.#.#.#
#.# #.#.#.#...
#.###.#.#
#.....†.#
#####@### #S#
#.# #.# ..# #.#
###


You could see an adder.

Vanquished Creatures
  A dart slug (D:2)
  2 leopard geckos (D:1)
  2 goblins (D:1)
  2 hobgoblins (D:1)
  2 bats (D:1)
  3 frilled lizards (D:1)
  A kobold (D:2)
  A rat (D:1)
14 creatures vanquished.

Notes
Turn   | Place    | Note
-------+----------+-------------------------------------------
     0 | D:1      | robertstho the Halfling Berserker began the quest for the
                  | Orb.
     0 | D:1      | Reached XP level 1. HP: 15/15 MP: 1/1
   488 | D:1      | Reached XP level 2. HP: 20/20 MP: 2/2
   968 | D:2      | Slain by an adder

Levels and vault maps discovered:
D:1:      dpeg_arrival_round_a, layout_basic
D:2:      minmay_roachtagon, layout_basic, uniq_sigmund

Skill      XL: |  1  2 |
---------------+-------+-----
Fighting       | 3 |  3.1
Axes           | |  3.1
Armour         | |  2.4
Dodging        | |  2.3
Shields        | |  0.3

Action                   || total
-------------------------++-------
Melee: Hand axe          ||    56
Invok: Berserk           ||     1
Armor: Animal skin       ||     5
Dodge: Dodged            ||    38
Block: Shield            ||    18

Table legend:
 A = Non-vault XP
 B = Vault XP
 C = Vault XP percentage of total XP
 D = Non-vault monster count
 E = Vault monster count
 F = Vault count percentage of total count
                 A         B        C        D         E       F
            +---------+---------+-------+---------+---------+-------
      Total |      25 |       0 |   0.0 |      14 |       0 |   0.0
            +---------+---------+-------+---------+---------+-------
        D:1 |      20 |       0 |   0.0 |      12 |       0 |   0.0
        D:2 |       5 |       0 |   0.0 |       2 |       0 |   0.0
            +---------+---------+-------+---------+---------+-------
